 Dungeon Crawl Stone Soup version 0.30-a0-760-g5a9884bb7c (webtiles) character file.

Game seed: 15885862013172603927

1212 Crownlay the Arsonist (level 8, -4/57 HPs)
             Began as a Hill Orc Fire Elementalist on Feb 11, 2023.
             Slain by a wyvern zombie (14 damage)
             ... in an ossuary.
             The game lasted 00:10:30 (4049 turns).

Crownlay the Arsonist (Hill Orc Fire Elementalist)  Turns: 4049, Time: 00:10:31

Health: -4/57      AC:  3    Str: 11    XL:     8   Next: 46%
Magic:  6/10       EV: 12    Int: 17    God:
Gold:   92         SH:  0    Dex: 11    Spells: 4/10 levels left

rFire   + . .      SeeInvis .    i - +1 dagger (drain)
rCold   x . .      Faith    .    (no shield)
rNeg    . . .      Spirit   .    a - +0 robe
rPois   .          Reflect  .    (no helmet)
rElec   .          Harm     .    m - +0 cloak
rCorr   .          Rampage  .    (no gloves)
Will    .....                    (no boots)
Stlth   ++                       b - amulet of magic regeneration
HPRegen 0.29/turn                w - ring of wizardry
MPRegen 0.52/turn                k - ring of fire

@: no status effects
A: no striking features
a: no special abilities


You were in an ossuary.
You visited 1 branch of the dungeon, and saw 4 of its levels.
You also visited: Ossuary.

You collected 182 gold pieces.
You spent 90 gold pieces at shops.

Inventory:

Hand Weapons
 i - a +1 dagger of draining (weapon)
Armour
 a - a +0 robe (worn)
 m - a +0 cloak (worn)
Magical Staves
 u - a staff of earth
Jewellery
 b - an amulet of magic regeneration (around neck)
 e - a ring of resist corrosion
 k - a ring of fire (right hand)
 w - a ring of wizardry (left hand)
Wands
 s - a wand of roots (4)
Scrolls
 c - 5 scrolls of teleportation
 d - a scroll of fear {unknown}
 f - a scroll of vulnerability {unknown}
 h - 4 scrolls of enchant weapon {unknown}
 l - a scroll of blinking {unknown}
 o - 2 scrolls of magic mapping
 p - a scroll of amnesia {unknown}
 r - a scroll of poison {unknown}
 x - a scroll of enchant armour {unknown}
 y - 2 scrolls of identify {unknown}
 B - 2 scrolls of fog {unknown}
 C - a scroll of noise {unknown}
Potions
 g - 2 potions of lignification {unknown}
 j - a potion of might {unknown}
 n - 2 potions of degeneration {unknown}
 t - 2 potions of haste {unknown}
 v - a potion of cancellation {unknown}
 z - a potion of invisibility {unknown}
 A - a potion of magic


   Skills:
 - Level 1.5 Dodging
 - Level 1.5 Stealth
 - Level 1.5 Spellcasting
 + Level 4.7 Conjurations
 + Level 4.5 Summonings
 * Level 8.5 Fire Magic


You had 4 spell levels left.
You knew the following spells:

 Your Spells              Type           Power      Damage    Failure   Level
a - Foxfire               Conj/Fire      100%       2x1d9     1%          1
b - Scorch                Fire           90%        2d10      1%          2
c - Inner Flame           Hex/Fire       23%        N/A       4%          3

Your spell library contained the following spells:

 Spells                   Type           Power      Damage    Failure   Level
 Magic Dart               Conj           68%        1d6       1%          1
 Call Imp                 Summ           16%        N/A       1%          2
 Flame Wave               Conj/Fire      36%        2d10      5%          4
 Kindle Blastsparks       Fire/Tloc/Air  32%        2d12      8%          3
 Mephitic Cloud           Conj/Pois/Air  6%         N/A       13%         3
 Gell's Gravitas          Tloc           1%         N/A       24%         3
 Teleport Other           Tloc           1%         N/A       24%         3
 Dispersal                Tloc           0%         N/A       100%        6


Dungeon Overview and Level Annotations

Branches:
Dungeon (4/15)            Ossuary (1/1)
 Temple: D:4-7

Altars:
Zin

Shops:
D:1 ?


Message History

The wyvern zombie bites you! The wyvern zombie barely misses you.
You barely miss the wyvern zombie.
The foxfire hits the wyvern zombie.
The wyvern zombie is lightly damaged.
The foxfire hits the wyvern zombie.
The wyvern zombie is moderately damaged.
The wyvern zombie bites you.
You feel a surge of power!
You conjure some foxfire!
The wyvern zombie closely misses you.
You hit the wyvern zombie.
The wyvern zombie is moderately damaged.
The foxfire hits the wyvern zombie.
The wyvern zombie is heavily damaged.
The foxfire hits the wyvern zombie.
The wyvern zombie is heavily damaged.
The wyvern zombie bites you! x2
You are too injured to fight recklessly!
Casting: Foxfire (safe; 1% risk of failure)
Confirm with . or Enter, or press ? or * to list all spells.
You feel a surge of power!
Flames lash the wyvern zombie.
The wyvern zombie is severely damaged.
The wyvern zombie's fire resistance burns away.
The wyvern zombie bites you!
* * * LOW HITPOINT WARNING * * *
You feel better. The wyvern zombie bites you.
* * * LOW HITPOINT WARNING * * *
Casting: Scorch (safe; 1% risk of failure)
Confirm with . or Enter, or press ? or * to list all spells.
You feel a surge of power!
Flames lash the wyvern zombie.
The wyvern zombie is severely damaged.
The wyvern zombie closely misses you.
Casting: Scorch (safe; 1% risk of failure)
Confirm with . or Enter, or press ? or * to list all spells.
You feel a surge of power!
Flames lash the wyvern zombie.
The wyvern zombie is burned terribly!
The wyvern zombie is almost destroyed.
The wyvern zombie bites you!
* * * LOW HITPOINT WARNING * * *
The wyvern zombie misses you.
You feel better. The wyvern zombie bites you!
You die...

#.'.#...# #...#.'.#
###.#####~#####~###
#.'....~~.~§.v~.'.#
###.#####'#####.###
#.'.#..∩# #...#.'.#
###.#.∩.###...#.###
#.'.#...#.#...#.'.#
###Z##'##'##'##.###
#.'@............'.#
###'#+#'#'#'#'#'###
#.# #.#.#.#.# ###
#########


You could see a wyvern zombie (combustible).

Vanquished Creatures
  Sigmund (D:3)
  A scorpion (D:4)
  A wyvern zombie (Ossuary)
  2 water moccasin zombies (Ossuary)
  2 centaur zombies (Ossuary)
  11 bullfrog zombies (Ossuary)
  Ijyb (D:3)
  2 killer bee zombies (Ossuary)
  17 mummies (Ossuary)
  3 howler monkey zombies (Ossuary)
  A worm (D:3)
  A dart slug (D:2)
  5 endoplasms
  A giant cockroach (D:3)
  6 hobgoblins
  4 jackals (D:2)
  8 quokkas
  3 ball pythons
  2 bats
  6 goblins
  2 kobolds (D:2)
  2 rats (D:2)
82 creatures vanquished.

Vanquished Creatures (others)
  262 foxfires
  A withered plant (Ossuary)
263 creatures vanquished.

Grand Total: 345 creatures vanquished

Notes
Turn   | Place    | Note
-------+----------+-------------------------------------------
     0 | D:1      | Crownlay the Hill Orc Fire Elementalist began the quest for
                  | the Orb.
     0 | D:1      | Reached XP level 1. HP: 14/14 MP: 3/3
   530 | D:1      | Reached XP level 2. HP: 20/20 MP: 0/4
   618 | D:1      | Reached skill level 4 in Fire Magic
   716 | D:1      | Found The Oracle's Delphic Readings.
  1190 | D:2      | Found a glowing silver altar of Zin.
  1405 | D:2      | Reached XP level 3. HP: 26/26 MP: 3/5
  1408 | D:2      | Learned a level 2 spell: Scorch
  2091 | D:1      | Bought a scroll of magic mapping for 90 gold pieces
  2198 | D:3      | Noticed Sigmund
  2204 | D:3      | Killed Sigmund
  2205 | D:3      | Reached skill level 5 in Fire Magic
  2205 | D:3      | Reached XP level 4. HP: 24/33 MP: 0/6
  2205 | D:3      | Reached XP level 5. HP: 27/38 MP: 0/7
  2690 | D:3      | Noticed Ijyb
  2697 | D:3      | Killed Ijyb
  2698 | D:3      | Reached XP level 6. HP: 29/45 MP: 0/8
  2993 | D:4      | Found a sand-covered staircase.
  2999 | D:4      | Reached skill level 6 in Fire Magic
  3045 | Ossuary  | Entered an ossuary
  3140 | Ossuary  | Reached XP level 7. HP: 36/50 MP: 4/9
  3315 | Ossuary  | Reached skill level 7 in Fire Magic
  3590 | Ossuary  | Reached XP level 8. HP: 49/57 MP: 6/10
  3730 | Ossuary  | Learned a level 3 spell: Inner Flame
  3770 | Ossuary  | Reached skill level 8 in Fire Magic
  4049 | Ossuary  | Slain by a wyvern zombie

Illustrated notes

Levels and vault maps discovered:
D:1:      nicolae_arrival_washed_ashore, layout_loops_ring,
          nicolae_nh_oracle_at_delphi
D:2:      layout_loops_ring, basic_altar
D:3:      layout_loops_cross, minmay_stone_trees_medium, uniq_ijyb, uniq_sigmund
D:4:      layout_cave_pools, nemelex_xobeh_ov_fountains_minmay,
          minmay_temple_entry_tees, nicolae_ossuary_entry_monument,
          minmay_vboxes
Ossuary:  ossuary_zaba_flooded

Skill      XL: |  1  2  3  4  5  6  7  8 |
---------------+-------------------------+-----
Fire Magic     | 4 5 6 7 8 |  8.5
Conjurations   | 2 3 4 |  4.7
Summonings     | 2 3 4 |  4.5
Dodging        | |  1.5
Stealth        | |  1.5
Spellcasting   | |  1.5

Action                     |  1- 3 |  4- 6 |  7- 9 || total
---------------------------+-------+-------+-------++-------
  Melee: Dagger            |    27 |    14 |    53 ||    94
         Punch             |       |       |     1 ||     1
   Cast: Foxfire           |    59 |    26 |    67 ||   152
         Scorch            |     1 |     8 |    18 ||    27
         Inner Flame       |       |       |     1 ||     1
    Use: Scroll            |     1 |       |       ||     1
         Potion            |       |     2 |     2 ||     4
 Armour: Robe              |     3 |     2 |    10 ||    15
  Dodge: Dodged            |    16 |     9 |    40 ||    65

Table legend: (Time is in decaauts)
 A = Elapsed time spent in this place.
 B = Non-inter-level travel time spent in this place.
 C = Inter-level travel time spent in this place.
 D = Time resting spent in this place.
 E = Time spent auto-exploring this place.
 F = Levels seen in this place.
 G = Mean time per level.
                   A        B        C        D        E       F      G
               +--------+--------+--------+--------+--------+-----+--------+
         Total |   4047 |   3784 |    263 |    305 |   2875 |   5 |  809.4 |
       Dungeon |   3043 |   2780 |    263 |     34 |   2425 |   4 |  760.8 |
       Ossuary |   1003 |   1003 |      0 |    271 |    450 |   1 | 1003.0 |
               +--------+--------+--------+--------+--------+-----+--------+

Top non-repeatable levels by time:
     D:1: 1167 daAuts
 Ossuary: 1003 daAuts
     D:2: 972 daAuts
     D:3: 852 daAuts
     D:4: 51 daAuts
